 Dungeon Crawl Stone Soup version 0.30.1-9-gdf580d7c3d (webtiles) character file.

Game seed: 2760013695668342979

4379 Peloso the Carver (level 10, 80/80 HPs)
             Began as a Barachi Fighter on Sept 24, 2023.
             Was a Follower of Okawaru.
             Got out of the dungeon alive.
             The game lasted 00:16:27 (9389 turns).

Peloso the Carver (Barachi Fighter)                 Turns: 9389, Time: 00:16:27

Health: 80/80      AC: 19    Str: 19    XL:     10   Next: 35%
Magic:  11/11      EV:  8    Int: 10    God:    Okawaru [*.....]
Gold:   284        SH: 16    Dex: 19    Spells: 9/9 levels left

rFire   . . .        a - +0 long sword
rCold   . . .        d - +0 tower shield
rNeg    . . .        f - +1 chain mail {rPois}
rPois   +            n - +2 helmet {SInv}
rElec   .            E - +2 cloak
rCorr   +            (no gloves)
SInv    +            (no boots)
Will    .....        (no amulet) Stlth
                     i - +6 ring of dexterity
HPRegen 0.33/turn    o - ring of resist corrosion
MPRegen 0.12/turn

%: no passive effects
@: slow
A: amphibious, slowness 1, strong legs 1, +LOS
a: Hop, Renounce Religion, Heroism


You escaped.
You worshipped Okawaru.
Okawaru was aware of your devotion.
You visited 2 branches of the dungeon, and saw 9 of its levels.

You collected 453 gold pieces.
You spent 169 gold pieces at shops.

Inventory:

Hand Weapons
 a - a +0 long sword (weapon)
Armour
 b - a +0 scale mail
 c - a +0 buckler
 d - a +0 tower shield (worn)
 f - a +1 chain mail of poison resistance (worn)
 n - a +2 helmet of see invisible (worn)
 E - a +2 cloak (worn)
Jewellery
 g - an amulet of magic regeneration
 i - a +6 ring of dexterity (left hand)
 k - an amulet of guardian spirit
 o - a ring of resist corrosion (right hand)
 A - an amulet of faith
 G - a ring of see invisible
Wands
 y - a wand of iceblast (12)
 H - a wand of paralysis (3)
 I - a wand of mindburst (14)
Scrolls
 j - 4 scrolls of teleportation
 r - a scroll of blinking
 t - a scroll of enchant weapon
 u - a scroll of fog {unknown}
 v - a scroll of amnesia
 w - 3 scrolls of poison {unknown}
 z - a scroll of magic mapping {unknown}
 B - a scroll of butterflies {unknown}
 C - a scroll of brand weapon {unknown}
 F - 2 scrolls of identify
 J - a scroll of acquirement {unknown}
Potions
 e - 2 potions of haste
 h - a potion of brilliance
 l - 3 potions of mutation
 m - 4 potions of curing
 p - a potion of cancellation {unknown}
 q - a potion of resistance {unknown}
 s - 2 potions of heal wounds
 x - 3 potions of ambrosia {unknown}
 D - a potion of might


   Skills:
 + Level 7.9 Fighting
 + Level 10.4 Long Blades
 + Level 9.1 Armour
 + Level 4.6 Dodging
 + Level 0.3 Stealth
 + Level 7.6 Shields
 + Level 1.6 Invocations


You had 9 spell levels left.
You didn't know any spells.
Your spell library contained the following spells:

 Spells                   Type           Power      Damage    Failure   Level
 Kiss of Death            Conj/Necr      0%         2d5       100%        1
 Magic Dart               Conj           0%         1d3       100%        1
 Searing Ray              Conj           0%         2d4       100%        2
 Sublimation of Blood     Necr           0%         N/A       100%        2
 Wereblood                Tmut           0%         N/A       100%        2
 Confusing Touch          Hex            0%         N/A       100%        3
 Dispel Undead            Necr           0%         3d6       100%        4
 Fulminant Prism          Conj/Hex       0%         3d5       100%        4
 Passage of Golubria      Tloc           0%         N/A       100%        4
 Silence                  Hex/Air        0%         N/A       100%        5
 Lehudib's Crystal Spear  Conj/Erth      0%         10d2      100%        8
 Summon Hydra             Summ           Unusable   N/A       N/A         7

Dungeon Overview and Level Annotations

Branches:
Dungeon (8/15)             Temple (1/1) D:6            Lair (0/5) D:8

Altars:
Elyvilon
Makhleb
Nemelex Xobeh
Okawaru
Wu Jian

Shops:
D:3 !   D:4 !

Annotations:
D:5 1 runed translucent door, Madon's ghost, novice MiBe
D:7 3 runed translucent doors, Ivernyr's ghost, novice FoFi


Innate Abilities, Weirdness & Mutations

You are amphibious.
You cover ground slowly.
You can hop short distances.
You have an extended range of vision and can be seen from far away.


Message History

Things that are here:
a +0 whip; a gnoll corpse
Things that are here:
a +0 halberd; a gnoll corpse
Things that are here:
a +0 spear; a gnoll corpse
Items here: )) [ ††.
There is a stone staircase leading up here.
You climb upwards.
Level annotation: 3 runed translucent doors, Ivernyr's ghost, novice FoFi
There is a stone staircase leading down here.
Items here: ( ))).
HP restored.
There is a stone staircase leading up here.
You climb upwards.
There is a stone staircase leading down here.
There is a stone staircase leading up here.
You climb upwards.
Level annotation: 1 runed translucent door, Madon's ghost, novice MiBe
There is a stone staircase leading down here.
There is a stone staircase leading up here.
You climb upwards.
There is a stone staircase leading down here.
There is a stone staircase leading up here.
You climb upwards.
There is a stone staircase leading down here.
There is a stone staircase leading up here.
You climb upwards.
There is a stone staircase leading down here.
There is an open door here.
There is a stone staircase leading up here.
You climb upwards.
There is a stone staircase leading down here.
There is an open door here.
There is an open door here.
There is an escape hatch in the floor here.
There is an open door here.
There is a staircase leading out of the dungeon here.
Are you sure you want to leave the Dungeon?
This will make you lose the game!
You have escaped!

.##.# #.######......#.#.###.#
.##.# #.#......#....#.......#
....# #.#.###.#####.###.#####
....# #.#.# #...........# ....#
#.#.# ##########..# ....# #.#.#
###...>.....# ....####.#.#
#...######### .........#.# #.#'#
##†#######.# #.#@# #.# #.#
#.#+################ #.# #.#
#...#..............# #.#
#.###.###.############.# #.#
#.#.....#.#.....# #.# ##.###
#.#.###.#.##.##.######.# .#...#
#.#.###.#.##.....)..##.#
.###.#####.#.......#####.###.##.#
.# #.......#####.........#.†.##.#


There were no monsters in sight!

Vanquished Creatures
  Prince Ribbit (D:6)
  Sigmund (D:6)
  A wyvern (D:7)
  2 basilisks (D:7)
  Menkaure (D:4)
  4 water moccasins (D:7)
  3 black bears
  An orc warrior (D:7)
  A sky beast (D:7)
  An ice beast (D:7)
  2 ogres
  A centaur (D:6)
  3 wolves (D:7)
  A phantom (D:4)
  2 kobold brigands
  2 gnoll sergeants
  Blork the orc (D:6)
  2 scorpions
  4 howler monkeys
  An electric eel (D:7)
  A jelly (D:6)
  2 gnoll boudas
  6 orc priests
  5 hounds
  Crazy Yiuf (D:6)
  A sleepcap (D:7)
  Jessica (D:2)
  2 iguanas (D:5)
  6 orc wizards
  Robin (D:2)
  7 adders
  34 gnolls
  A shadow imp (D:6)
  4 worms
  6 dart slugs
  41 orcs
  8 bats
  10 endoplasms
  6 giant cockroaches
  15 goblins
  9 hobgoblins
  11 jackals (D:3)
  17 kobolds
  6 quokkas
  6 ball pythons
  6 frilled lizards
  7 rats
255 creatures vanquished.

Notes
Turn   | Place    | Note
-------+----------+-------------------------------------------
     0 | D:1      | Peloso the Barachi Fighter began the quest for the Orb.
     0 | D:1      | Reached XP level 1. HP: 18/18 MP: 1/1
   148 | D:1      | Reached XP level 2. HP: 17/25 MP: 2/2
   456 | D:1      | Reached XP level 3. HP: 26/30 MP: 3/3
   599 | D:1      | Reached skill level 3 in Long Blades
  1317 | D:2      | Reached XP level 4. HP: 31/37 MP: 4/4
  1378 | D:2      | Noticed Robin
  1402 | D:2      | Killed Robin
  1519 | D:2      | Noticed Jessica
  1534 | D:2      | Reached skill level 4 in Long Blades
  1564 | D:2      | Killed Jessica
  1565 | D:2      | Reached skill level 1 in Dodging
  1565 | D:2      | Reached XP level 5. HP: 29/42 MP: 5/5
  2368 | D:3      | Found a faded altar of an unknown god.
  2426 | D:3      | Found a white marble altar of Elyvilon.
  2431 | D:3      | Found an ornate altar of the Wu Jian Council.
  2513 | D:3      | Found Gaukam's Distillery.
  2839 | D:3      | Reached XP level 6. HP: 45/48 MP: 6/6
  2849 | D:3      | Reached skill level 5 in Long Blades
  3328 | D:3      | Reached skill level 5 in Armour
  3331 | D:3      | Reached XP level 7. HP: 43/55 MP: 7/7
  3338 | D:3      | Reached skill level 6 in Long Blades
  3942 | D:4      | Identified the +1 robe of Teiketziov {Rampage +Blink rN+}
  4006 | D:4      | Reached skill level 5 in Fighting
  4236 | D:4      | Reached skill level 7 in Long Blades
  4418 | D:4      | Found Vinwairgh's Distillery.
  4424 | D:4      | Bought a potion of mutation for 104 gold pieces
  4424 | D:4      | Bought a potion of heal wounds for 65 gold pieces
  4561 | D:4      | Reached XP level 8. HP: 35/62 MP: 8/8
  4690 | D:4      | Noticed Menkaure
  4698 | D:4      | Killed Menkaure
  4925 | D:5      | Entered Level 5 of the Dungeon
  4936 | D:5      | Found a runed translucent door.
  5139 | D:5      | Reached skill level 5 in Shields
  5359 | D:5      | Noticed Madon's ghost (novice MiBe)
  5368 | D:5      | Reached skill level 8 in Long Blades
  5698 | D:6      | Noticed Prince Ribbit
  5716 | D:6      | Killed Prince Ribbit
  5916 | D:6      | Noticed Sigmund
  5923 | D:6      | Killed Sigmund
  5924 | D:6      | Reached skill level 9 in Long Blades
  5924 | D:6      | Reached XP level 9. HP: 58/71 MP: 9/9
  5938 | D:6      | Found a staircase to the Ecumenical Temple.
  5975 | Temple   | Entered the Ecumenical Temple
  6137 | Temple   | Became a worshipper of Warmaster Okawaru
  6535 | D:6      | Found a runed translucent door.
  6536 | D:6      | Noticed Crazy Yiuf
  6545 | D:6      | Killed Crazy Yiuf
  6646 | D:6      | Noticed Blork the orc
  6667 | D:6      | Killed Blork the orc
  6993 | D:7      | Found a burning altar of Makhleb.
  7015 | D:7      | Paralysed by a kobold for 4 turns
  7121 | D:7      | Identified the +1 hand axe of the Twelve Lives {freeze,
                  | rF+}
  7189 | D:7      | Reached * piety under Okawaru
  7380 | D:7      | Found a runed translucent gate.
  7381 | D:7      | Found a runed translucent gate.
  7382 | D:7      | Found a runed translucent gate.
  7382 | D:7      | Identified the +8 plate armour "Ceywk" {Fly rN+ Str-2
                  | Int+3}
  7383 | D:7      | Noticed Ivernyr's ghost (novice FoFi)
  7605 | D:7      | Found a sparkling altar of Nemelex Xobeh.
  7812 | D:8      | Found a staircase to the Lair.
  8016 | D:7      | Reached skill level 10 in Long Blades
  8166 | D:8      | Reached skill level 1 in Invocations
  8166 | D:8      | Reached XP level 10. HP: 70/79 MP: 10/10
  9389 | D:$      | Got out of the dungeon alive.

Illustrated notes

Levels and vault maps discovered:
D:1:      dpeg_arrival_tiny_c, layout_basic
D:2:      layout_basic, grunt_ministairs_14, minmay_pentomino_q4, uniq_robin,
          uniq_jessica
D:3:      lemuel_castle_with_subvaults [lemuel_castle_interior_carwin_3],
          layout_loops_ring, jmf_multi_god_temple,
          ebering_ecumenical_altar_rust, serial_shops, shop, minmay_cut_off
D:4:      layout_gridville, serial_shops, shop, uniq_menkaure
D:5:      layout_cave_pools, ebering_ghost_sewer_d
D:6:      layout_cave_pools, minmay_temple_entry_proselytizer,
          uniq_blork_the_orc, uniq_prince_ribbit1, uniq_crazy_yiuf_cottage,
          uniq_sigmund
D:7:      layout_loops_ring, nemelex_diamond_rough_becter,
          makhleb_altar_promises_db, biasface_ghost_orc_armoury,
          kennysheep_path_1
D:8:      layout_cave_pods, minmay_lair_entry_grove, serial_glass,
          glass_columns_b, glass_columns_b, glass_columns_c, glass_columns_c,
          glass_columns_c, glass_columns_a
Temple:   bh_familiar_temple

Skill      XL: |  1  2  3  4  5  6  7  8  9 10 |
---------------+-------------------------------+-----
Fighting       | 4 5 6 7 |  7.9
Armour         | 4 5 7 8 9 |  9.1
Long Blades    | 3 4 5 7 9 10 | 10.4
Shields        | 4 5 7 |  7.6
Dodging        | 1 2 3 4 |  4.6
Invocations    | 1 |  1.6
Stealth        | |  0.3

Action                     |  1- 3 |  4- 6 |  7- 9 | 10-12 || total
---------------------------+-------+-------+-------+-------++-------
  Melee: Long sword        |   120 |   296 |   477 |   148 ||  1041
 Invoke: Heroism           |       |       |     1 |     4 ||     5
    Use: Scroll            |     1 |     1 |     6 |       ||     8
         Potion            |     1 |       |       |       ||     1
 Armour: Scale mail        |    55 |   148 |    56 |       ||   259
         Chain mail        |       |       |   269 |   129 ||   398
  Dodge: Dodged            |    83 |   150 |   244 |    49 ||   526
  Block: Buckler           |    44 |    85 |    92 |       ||   221
         Tower shield      |       |       |   285 |   204 ||   489
